Map: Fracture LE

Players

marksheider

  • Race: Protoss Protoss
  • League: Platinum
  • Spawn Location: 11:00

ghostdog - Winner!

  • Race: Protoss Protoss
  • League: Platinum
  • Spawn Location: 5:00

VOD

Have the link to the VOD?

Description

Time

  • Played on: Aug. 24, 2018, 7:05 a.m.
  • Length: 13:37
Show
View Real Time Build Order
Export as new Build Order

marksheider Protoss 

Build Orders: 1 Gate Expand 

Get SALT Encoding   

  12  0:02  Probe  
  13  0:14  Probe  
  14  0:22  Pylon  
  14  0:26  Probe  
  15  0:41  Gateway  
  15  0:51  Probe, Assimilator  
  16  1:03  Probe  
  17  1:13  Gateway  
  17  1:16  Probe  
  18  1:35  Nexus  
  18  1:38  Probe  
  19  1:50  Cybernetics Core  
  19  1:56  Probe  
  20  2:17  Pylon  
  20  2:21  Probe  
  21  2:27  Adept  
  21  2:28  Warp Gate  
  21  2:30  Adept  
  25  2:38  Probe  
  26  2:51  Probe  
  20  3:28  Stalker x2  
  24  3:37  Twilight Council  
  24  3:43  Probe x2  
  26  3:55  Probe x2  
  28  3:59  Robotics Facility  
  28  4:07  Probe x2  
  30  4:20  Assimilator  
  27  4:35  Stalker x2  
  27  4:50  Probe x2  
  29  5:02  Probe x2  
  29  5:07  Assimilator  
  31  5:11  Assimilator  
  31  5:14  Probe x2  
  33  5:26  Probe x2  
  35  5:29  Dark Shrine, Warp Prism  
  37  5:38  Probe x2  
  39  5:50  Probe  
  39  5:55  Gateway  
  39  5:56  Gateway  
  40  5:57  Pylon  
  40  6:01  Probe  
  41  6:20  Probe  
  42  6:28  Probe  
  42  6:32  Probe  
  44  6:34  Observer  
  44  6:38  Stalker x2  
  45  6:58  Dark Templar x2  
  49  7:02  Dark Templar  
  49  7:04  Probe  
  49  7:06  Probe  
  53  7:54  Pylon  
  53  7:56  Pylon  
  49  8:13  Dark Templar  
  49  8:14  Dark Templar x2  
  53  8:37  Gateway  
  53  8:40  Gateway  
  49  8:49  Immortal  
  49  8:54  Probe  
  49  8:55  Probe  
  55  9:06  Probe  
  56  9:18  Dark Templar x2  
  56  9:19  Dark Templar  
  60  9:28  Immortal  
  58  9:48  Probe x2  
  60  9:53  Pylon  
  60  10:00  Probe  
  59  10:15  Nexus  
  59  10:17  Zealot x3  
  59  10:18  Zealot  
  67  10:21  Probe  
  55  10:43  Stalker x3  
  51  10:59  Blink  
  51  11:03  Pylon  
  51  11:05  Probe x2  
  53  11:17  Probe x2  
  55  11:27  Forge  
  55  11:29  Probe x2  
  57  11:43  Zealot x4  
  65  11:51  Warp Prism  
  67  12:01  Probe x2  
  69  12:02  Probe  
  70  12:17  Probe x2  
  70  12:21  Assimilator  
  72  12:23  Assimilator  
  72  12:26  Photon Cannon  
  72  12:30  Pylon  
  45  12:53  Stalker x4  
  45  12:54  Stalker  
  39  13:16  Dark Templar  
Show
View Real Time Build Order
Export as new Build Order

ghostdog Protoss - Winner!

Build Orders: Oracle Opening, Phoenix Opening 

Get SALT Encoding   

  12  0:01  Probe  
  13  0:13  Probe  
  14  0:19  Pylon  
  14  0:25  Probe  
  15  0:36  Probe  
  15  0:39  Gateway  
  16  0:44  Probe  
  17  0:51  Assimilator  
  17  1:03  Assimilator  
  17  1:09  Probe  
  18  1:14  Gateway  
  18  1:21  Probe, Assimilator  
  19  1:29  Cybernetics Core  
  19  1:38  Pylon  
  19  1:39  Probe  
  20  1:52  Probe  
  21  1:58  Adept x2  
  25  2:22  Stargate  
  25  2:25  Probe  
  26  2:37  Probe  
  26  2:43  Warp Gate  
  27  2:49  Probe  
  28  3:17  Oracle  
  28  3:19  Adept  
  30  3:22  Adept  
  31  3:33  Nexus  
  31  3:37  Pylon  
  31  3:56  Phoenix  
  31  3:57  Robotics Facility  
  31  4:00  Pylon  
  33  4:05  Probe  
  34  4:17  Probe  
  35  4:50  Probe  
  36  4:56  Phoenix  
  38  5:00  Immortal  
  38  5:02  Probe  
  43  5:08  Probe  
  43  5:12  Pylon  
  43  5:14  Probe, Phoenix  
  45  5:20  Probe  
  46  5:22  Forge  
  46  5:26  Probe, Twilight Council  
  49  5:32  Gateway  
  49  5:38  Phoenix  
  49  5:39  Probe  
  49  5:41  Probe  
  53  5:48  Gateway  
  53  5:51  Probe  
  54  6:14  Charge  
  54  6:16  Protoss Ground Weapons Level 1  
  54  6:18  Immortal  
  58  6:53  Probe  
  59  6:57  Assimilator  
  59  6:59  Phoenix  
  59  7:01  Immortal, Assimilator  
  65  7:05  Probe  
  66  7:13  Gateway  
  66  7:17  Probe  
  66  7:18  Probe, Pylon  
  66  7:21  Pylon  
  68  7:29  Probe, Pylon  
  64  7:30  Probe  
  59  7:49  Observer  
  60  8:00  Probe  
  56  8:13  Probe  
  55  8:40  Probe  
  51  8:51  Observer  
  51  8:52  Probe  
  53  9:04  Probe  
  51  9:12  Observer  
  47  9:32  Probe  
  47  9:34  Probe  
  48  9:40  Pylon  
  48  9:41  Pylon  
  48  9:44  Probe  
  49  9:46  Probe, Gateway  
  49  9:47  Gateway  
  46  9:56  Probe, Zealot x2  
  46  9:57  Zealot x2  
  53  10:09  Probe  
  54  10:21  Probe x2  
  56  10:33  Probe  
  56  10:34  Probe  
  45  10:45  Probe  
  45  10:46  Probe  
  37  11:03  Zealot  
  37  11:04  Zealot x3  
  45  11:16  Zealot x3  
  51  11:24  Probe  
  52  11:29  Immortal  
  52  11:32  Assimilator  
  52  11:34  Zealot x4  
  52  11:36  Probe  
  65  11:46  Zealot x2  
  69  11:48  Probe  
  69  11:53  Probe  
  71  12:00  Probe  
  72  12:03  Zealot x5  
Tags
 
Add a new tag
Caveats
  • Supply blocks, unpowered buildings, or Contaminate may cause inaccurate times.
  • Supply counts are checked every 10 seconds.